3228 views
Uploaded 2020-04-06 22:51:33
Game version 1.32.3
6:34 long 4on4 ladder game on (8)MarketSquare
Saved by ChuckleMan
3228 views
Uploaded 2020-04-06 22:51:33
Game version 1.32.3
6:34 long 4on4 ladder game on (8)MarketSquare

/ 0.1k
24 buildings @ 4.1k
/ 0.9k
| Peon | 1 | 75 | / | 0 |
| total: | 1 | 75g | / | 0w |
| 0:09 | Peon |
| Select | 3 |
| Right click | 1 |
| Build/train/purchase | 1 |

| Peon | 21 | 1575 | / | 0 |
| Grunt | 6 | 1200 | / | 0 |
| Wisp | 8 | 480 | / | 0 |
| Archer | 10 | 1300 | / | 100 |
| total: | 45 | 4555g | / | 100w |
| Orc Burrow | 6 | 960 | / | 240 |
| Altar of Storms | 3 | 540 | / | 150 |
| War Mill | 2 | 410 | / | 0 |
| Barracks | 3 | 540 | / | 150 |
| Voodoo Lounge | 3 | 390 | / | 90 |
| Stronghold | 2 | 630 | / | 380 |
| Altar of Elders | 1 | 180 | / | 50 |
| Moon Well | 5 | 900 | / | 200 |
| Ancient of War | 1 | 150 | / | 60 |
| Tree of Ages | 1 | 320 | / | 180 |
| total: | 24 | 4070g | / | 940w |
| 0:04 | Peon |
| 0:04 | Peon |
| 0:19 | Orc Burrow |
| 0:23 | Peon |
| 0:33 | Altar of Storms |
| 0:38 | War Mill |
| 0:48 | Altar of Storms |
| 0:55 | Orc Burrow |
| 1:01 | Barracks |
| 1:02 | Peon |
| 1:08 | Wisp |
| 1:09 | Wisp |
| 1:10 | Altar of Elders |
| 1:16 | Moon Well |
| 1:22 | Wisp |
| 1:22 | Wisp |
| 1:22 | Wisp |
| 1:22 | Wisp |
| 1:22 | Wisp |
| 1:26 | Ancient of War |
| 1:32 | Peon |
| 1:32 | Peon |
| 1:42 | Barracks |
| 1:43 | Peon |
| 1:43 | Peon |
| 1:44 | Peon |
| 1:57 | Peon |
| 2:06 | Wisp |
| 2:09 | Grunt |
| 2:13 | Orc Burrow |
| 2:27 | Peon |
| 2:27 | Peon |
| 2:27 | Peon |
| 2:30 | Altar of Storms |
| 2:41 | Orc Burrow |
| 2:53 | Archer |
| 2:55 | Moon Well |
| 3:02 | Orc Burrow |
| 3:03 | Peon |
| 3:03 | Peon |
| 3:07 | Peon |
| 3:08 | Grunt |
| 3:11 | Grunt |
| 3:14 | Voodoo Lounge |
| 3:17 | Voodoo Lounge |
| 3:20 | Feral Spirit |
| 3:23 | Peon |
| 3:24 | Peon |
| 3:24 | Peon |
| 3:28 | Barracks |
| 3:42 | Moon Well |
| 3:49 | War Mill |
| 3:55 | Mana Burn |
| 3:58 | Archer |
| 3:58 | Archer |
| 3:58 | Archer |
| 4:07 | Grunt |
| 4:07 | Grunt |
| 4:14 | Archer |
| 4:14 | Archer |
| 4:22 | Orc Burrow |
| 4:28 | Stronghold |
| 4:30 | Voodoo Lounge |
| 4:37 | Stronghold |
| 4:43 | Feral Spirit |
| 4:53 | Archer |
| 4:54 | Tree of Ages |
| 4:55 | Moon Well |
| 4:56 | Moon Well |
| 5:03 | Peon |
| 5:03 | Peon |
| 5:07 | Grunt |
| 5:18 | Feral Spirit |
| 6:10 | Archer |
| 6:10 | Archer |
| 6:10 | Archer |
| Right click | 156 |
| Select | 144 |
| Chat | 109 |
| Build/train/purchase | 71 |
| Select group | 6 |
| Assign group | 3 |
| Misc. action | 2 |
| Use ability | 1 |
| Remove unit | 1 |
| Esc | 24 |
/ 0.5k
30 buildings @ 5.2k
/ 1.2k

| Peon | 21 | 1575 | / | 0 |
| Troll Headhunter | 21 | 2940 | / | 420 |
| Wisp | 9 | 540 | / | 0 |
| Archer | 8 | 1040 | / | 80 |
| total: | 59 | 6095g | / | 500w |
| Altar of Storms | 3 | 540 | / | 150 |
| Orc Burrow | 9 | 1440 | / | 360 |
| Barracks | 7 | 1260 | / | 350 |
| War Mill | 3 | 615 | / | 0 |
| Stronghold | 1 | 315 | / | 190 |
| Altar of Elders | 1 | 180 | / | 50 |
| Moon Well | 5 | 900 | / | 200 |
| Ancient of War | 2 | 300 | / | 120 |
| total: | 30 | 5235g | / | 1230w |
| 0:06 | Peon |
| 0:06 | Peon |
| 0:08 | Altar of Storms |
| 0:11 | Orc Burrow |
| 0:15 | Wisp |
| 0:15 | Wisp |
| 0:16 | Altar of Elders |
| 0:17 | Moon Well |
| 0:23 | Peon |
| 0:23 | Peon |
| 0:25 | Altar of Storms |
| 0:27 | Orc Burrow |
| 0:30 | Peon |
| 0:30 | Peon |
| 0:33 | Altar of Storms |
| 0:36 | Orc Burrow |
| 0:39 | Peon |
| 0:39 | Peon |
| 0:43 | Barracks |
| 0:47 | Wisp |
| 0:48 | Wisp |
| 0:48 | Wisp |
| 0:50 | Peon |
| 0:50 | Peon |
| 0:53 | Peon |
| 0:53 | Peon |
| 1:01 | War Mill |
| 1:03 | Peon |
| 1:03 | Peon |
| 1:15 | Barracks |
| 1:19 | Ancient of War |
| 1:23 | Wisp |
| 1:23 | Wisp |
| 1:27 | Peon |
| 1:27 | Peon |
| 1:29 | War Mill |
| 1:41 | War Mill |
| 1:43 | Barracks |
| 1:47 | Wisp |
| 1:47 | Wisp |
| 1:49 | Peon |
| 1:49 | Peon |
| 1:51 | Orc Burrow |
| 1:58 | Barracks |
| 2:03 | Orc Burrow |
| 2:06 | Peon |
| 2:10 | Orc Burrow |
| 2:13 | Serpent Ward |
| 2:16 | Peon |
| 2:21 | Ancient of War |
| 2:23 | Moon Well |
| 2:24 | Trueshot Aura |
| 2:27 | Archer |
| 2:31 | Serpent Ward |
| 2:36 | Barracks |
| 2:40 | Barracks |
| 2:42 | Peon |
| 2:46 | Troll Headhunter |
| 2:47 | Troll Headhunter |
| 2:49 | Orc Burrow |
| 2:53 | Barracks |
| 2:58 | Moon Well |
| 2:59 | Moon Well |
| 3:02 | Troll Headhunter |
| 3:02 | Troll Headhunter |
| 3:14 | Orc Burrow |
| 3:17 | Troll Headhunter |
| 3:17 | Troll Headhunter |
| 3:21 | Archer |
| 3:24 | Serpent Ward |
| 3:25 | Archer |
| 3:28 | Moon Well |
| 3:31 | Troll Headhunter |
| 3:36 | Troll Headhunter |
| 3:47 | Archer |
| 3:49 | Troll Headhunter |
| 3:53 | Troll Headhunter |
| 4:01 | Troll Headhunter |
| 4:04 | Troll Headhunter |
| 4:06 | Archer |
| 4:10 | Troll Headhunter |
| 4:16 | Orc Burrow |
| 4:24 | Troll Headhunter |
| 4:26 | Archer |
| 4:33 | Troll Headhunter |
| 4:52 | Troll Headhunter |
| 5:00 | Stronghold |
| 5:03 | Troll Headhunter |
| 5:05 | Archer |
| 5:05 | Archer |
| 5:38 | Troll Headhunter |
| 5:50 | Troll Headhunter |
| 5:50 | Troll Headhunter |
| 6:12 | Scout |
| 6:17 | Troll Headhunter |
| Select | 172 |
| Right click | 150 |
| Build/train/purchase | 77 |
| Select group | 23 |
| Chat | 18 |
| Use ability | 15 |
| Misc. action | 10 |
| Assign group | 5 |
| Esc | 5 |
| Select | 1 |
⇛